 Dungeon Crawl Stone Soup version 0.30.1-9-gdf580d7c3d (webtiles) character file.

Game seed: 10947233685748586407

311 Atelerd the Digger (level 6, -2/27 (38) HPs)
             Began as an Octopode Earth Elementalist on Sept 25, 2023.
             Slain by a wight
             ... wielding a +0 short sword
              (11 damage)
             ... on level 4 of the Dungeon.
             The game lasted 00:07:07 (3601 turns).

Atelerd the Digger (Octopode Earth Elementalist)    Turns: 3601, Time: 00:07:08

HP:   -2/27 (38)    AC:  1    Str:  8    XL:     6   Next: 42%
MP:   6/10          EV: 13    Int: 17    God:
Gold: 10            SH:  0    Dex: 14    Spells: 10/11 levels left

rFire   + . .        s - +1 short sword (elec)
rCold   . . .        (no shield)
rNeg    . . .        (helmet restricted)
rPois   .            (no amulet)
rElec   .            x - ring "Luepanis" {rF+ Will+ Stlth+}
rCorr   .            (no ring)
SInv    .            (no ring)
Will    +....        (no ring)
Stlth   +++++        (no ring)
HPRegen 0.24/turn    (no ring)
MPRegen 0.12/turn    (no ring)
                     (no ring)

%: no passive effects
@: very heavily drained
A: almost no armour, amphibious, 8 rings, camouflage 1, gelatinous body 1,
(nimble swimmer 1), tentacles
a: no special abilities


You were on level 4 of the Dungeon.
You visited 1 branch of the dungeon, and saw 4 of its levels.

You collected 116 gold pieces.
You spent 106 gold pieces at shops.

Inventory:

Hand Weapons
 s - a +1 short sword of electrocution (weapon)
Missiles
 c - 4 curare-tipped darts
Jewellery
 r - a ring of ice
 v - a ring of fire
 x - the ring "Luepanis" (left tentacle) {rF+ Will+ Stlth+}
   (You found it on level 4 of the Dungeon)

   [ring of willpower]

   rF:        It protects you from fire.
   Will:      It increases your willpower.
   Stlth:     It makes you more stealthy.
Wands
 t - a wand of iceblast (3)
Scrolls
 e - a scroll of magic mapping {unknown}
 f - a scroll of blinking {unknown}
 g - a scroll of immolation {unknown}
 h - 2 scrolls of vulnerability {unknown}
 k - a scroll of poison {unknown}
 m - 4 scrolls of identify {unknown}
 o - a scroll of amnesia {unknown}
 q - 2 scrolls of noise {unknown}
 u - a scroll of teleportation {unknown}
 w - a scroll of fog {unknown}
Potions
 b - a potion of attraction {unknown}
 i - 3 potions of curing {unknown}
 j - a potion of brilliance {unknown}
 l - a potion of degeneration {unknown}
 n - 3 potions of lignification {unknown}
 p - a potion of berserk rage {unknown}


   Skills:
 - Level 1.0 Fighting
 - Level 1.0 Short Blades
 - Level 2.0 Dodging
 * Level 4.0 Stealth
 + Level 3.2 Spellcasting
 * Level 3.7 Transmutations
 + Level 4.2 Earth Magic


You had 10 spell levels left.
You knew the following spells:

 Your Spells              Type           Power      Damage    Failure   Level
a - Sandblast             Erth           34%        2d9       3%          1

Your spell library contained the following spells:

 Spells                   Type           Power      Damage    Failure   Level
 Passwall                 Tmut/Erth      13%        N/A       4%          2
 Magic Dart               Conj           8%         1d3       17%         1
 Stone Arrow              Conj/Erth      18%        3d8       22%         3
 Call Imp                 Summ           4%         N/A       26%         2
 Petrify                  Tmut/Erth      16%        N/A       32%         4
 Mephitic Cloud           Conj/Pois/Air  2%         N/A       45%         3
 Volatile Blastmotes      Fire/Tloc      4%         2d10      45%         3
 Lee's Rapid Deconstruct  Erth           8%         3d7*      63%         5
 Fulminant Prism          Conj/Hex       1%         3d5       86%         4
 Iskenderun's Mystic Bla  Conj/Tloc      2%         2d3       86%         4


Dungeon Overview and Level Annotations

Branches:
Dungeon (4/15)
 Temple: D:4-7

Altars:
Qazlal

Shops:
D:3 !   D:4 **[*(


Innate Abilities, Weirdness & Mutations

You cannot wear most types of armour.
You are amphibious.
You can wear up to eight rings at the same time.
Your skin changes colour to match your surroundings (Stealth+).
Your rubbery body absorbs attacks. (AC +1, EV +1)
((You are camouflaged when in or above water. (Stealth+)))
You have tentacles for arms and can constrict up to eight enemies at once.


Message History

The wight hits you with a +0 short sword. x2
You feel drained.
Casting: Sandblast (safe; 3% risk of failure)
Confirm with . or Enter, or press ? or * to list all spells.
Aiming: Sandblast (safe; 3% risk of failure)
Press: ? - help, Shift-Dir - straight line, f/p - wight
Aim: a wight, wielding a +0 dagger and wearing a +0 robe (82% to hit)
The blast of sand hits the wight but does no damage.
The wight is moderately damaged.
The wight hits you with a +0 short sword.
You feel drained.
Casting: Sandblast (safe; 3% risk of failure)
Confirm with . or Enter, or press ? or * to list all spells.
Aiming: Sandblast (safe; 3% risk of failure)
Press: ? - help, Shift-Dir - straight line, f/p - wight
Aim: a wight, wielding a +0 dagger and wearing a +0 robe (82% to hit)
The blast of sand hits the wight but does no damage.
The wight is moderately damaged.
The wight hits you with a +0 short sword.
You feel drained. The wight completely misses you.
Casting: Sandblast (safe; 3% risk of failure)
Confirm with . or Enter, or press ? or * to list all spells.
Aiming: Sandblast (safe; 3% risk of failure)
Press: ? - help, Shift-Dir - straight line, f/p - wight
Aim: a wight, wielding a +0 dagger and wearing a +0 robe (82% to hit)
The blast of sand hits the wight but does no damage.
The wight is moderately damaged.
The wight hits you with a +0 short sword.
Unknown command.
Unknown command.
Casting: Sandblast (safe; 3% risk of failure)
Confirm with . or Enter, or press ? or * to list all spells.
Aiming: Sandblast (safe; 3% risk of failure)
Press: ? - help, Shift-Dir - straight line, f/p - wight
Aim: a wight, wielding a +0 dagger and wearing a +0 robe (82% to hit)
The blast of sand hits the wight!
The wight is almost destroyed.
The wight completely misses you.
The wight hits you with a +0 short sword!
You die...

##..## ##....##........
##
#....###......#######.#
.# #.#....[.#...## #.# .#
#...####.##.## ##. .#
##.## #.##.# ##.. ##
#######.#####.##.# #.).
## #.............##+##
#.†. .###
#.##.##.#.#.###...## #...
...# #.##.##.#.#@##.....#
##.. .#.#
#.##.#..#.#z#....... ###.
.#.###.##....#.#z.z......
####<..
...................[.....
+>.....
.#.###.##......#.........
####... .#.#
#...........#...(... ##.#
...# #.###.##.#####.....#
#.# .### #.# #.##.#
#...## #.# ## #.# #.##.#
#+## #.#


You could see 2 wights.

Vanquished Creatures
  A wight (D:4)
  2 orc priests (D:4)
  8 adders
  3 worms
  13 dart slugs
  8 orcs
  9 bats
  7 endoplasms
  6 giant cockroaches
  4 goblins
  8 hobgoblins
  3 jackals (D:2)
  2 quokkas
  2 ball pythons
  4 frilled lizards
  10 kobolds
  3 rats
93 creatures vanquished.

Notes
Turn   | Place    | Note
-------+----------+-------------------------------------------
     0 | D:1      | Atelerd the Octopode Earth Elementalist began the quest for
                  | the Orb.
     0 | D:1      | Reached XP level 1. HP: 11/11 MP: 3/3
   206 | D:1      | Reached XP level 2. HP: 17/17 MP: 3/5
   520 | D:1      | Reached XP level 3. HP: 21/21 MP: 4/6
  1270 | D:2      | Reached XP level 4. HP: 27/27 MP: 5/8
  1966 | D:3      | Reached XP level 5. HP: 27/31 MP: 3/9
  2017 | D:3      | Found Nimoov's Distillery.
  2025 | D:3      | Bought a potion of heal wounds for 50 gold pieces
  2117 | D:3      | Found a stormy altar of Qazlal.
  2402 | D:3      | Found a faded altar of an unknown god.
  2550 | D:4      | Found Poorrana's Weapon Shoppe.
  2689 | D:4      | Found Leokkyibb's Assorted Antiques.
  2702 | D:4      | Bought a scroll labelled NUF RYLAQOCW for 20 gold pieces
  2702 | D:4      | Bought 2 fuming dark potions for 36 gold pieces
  3054 | D:4      | Found Puewut's Assorted Antiques.
  3122 | D:4      | Reached XP level 6. HP: 15/37 MP: 6/10
  3124 | D:4      | Reached skill level 1 in Fighting
  3375 | D:4      | Found Voohas's Assorted Antiques.
  3377 | D:4      | Identified the ring "Luepanis" {rF+ Will+ Stlth+}
  3459 | D:4      | Found Usos's Antique Armour Emporium.
  3592 | D:4      | Reached skill level 1 in Short Blades
  3601 | D:4      | Slain by a wight

Illustrated notes

Levels and vault maps discovered:
D:1:      minmay_arrival_five_plusses, layout_basic
D:2:      layout_loops_ring, st_stairs_8
D:3:      kennysheep_slugbush, layout_rooms, mainiacjoe_overflow_24_doors,
          serial_curves, eino_curves_02, eino_curves_02,
          shapermc_ecumenical_altar_starsandcircs, serial_shops,
          nicolae_shop_industrial_runoff
D:4:      layout_loops_corners, serial_shops, shop, shop, shop,
          nicolae_shop_tiny_statue_garden, nicolae_shop_bloodbath_and_beyond

Skill      XL: |  1  2  3  4  5  6 |
---------------+-------------------+-----
Transmutations | 2 3 |  3.7
Spellcasting   | 3 |  3.2
Stealth        | 3 4 |  4.0
Earth Magic    | 4 |  4.2
Fighting       | 1 |  1.0
Short Blades   | 1 |  1.0
Dodging        | |  2.0

Action                     |  1- 3 |  4- 6 || total
---------------------------+-------+-------++-------
  Melee: Rapier            |    11 |     6 ||    17
         Constrict         |     3 |     4 ||     7
         Tentacles         |     2 |     1 ||     3
         Short sword       |       |     6 ||     6
   Cast: Sandblast         |    40 |   100 ||   140
    Use: Potion            |       |     4 ||     4
   Stab: Sleeping          |     2 |     2 ||     4
 Armour: Skin              |     1 |     5 ||     6
  Dodge: Dodged            |     8 |    46 ||    54
